Map: [ESL] Goldenaura

Players

SpeCial - Winner!

  • Race: Terran Terran
  • Spawn Location: 12:00

Erik

  • Race: Zerg Zerg
  • Spawn Location: 5:00

Event: ESL SC2 Masters 2023 Winter (Regional)

VOD

Have the link to the VOD?

Description

Time

  • Played on: Oct. 27, 2023, 1:34 p.m.
  • Length: 7:55

All games in this series

Show
View Real Time Build Order
Export as new Build Order

SpeCial Terran - Winner!

Build Orders: Cyclone Opening, Reaper Expand 

Get SALT Encoding   

  12  0:00  SCV  
  13  0:12  SCV  
  14  0:17  Supply Depot  
  14  0:24  SCV  
  15  0:39  SCV  
  15  0:40  Barracks  
  16  0:44  Refinery  
  16  0:51  SCV  
  17  1:03  SCV  
  18  1:15  SCV  
  19  1:28  Orbital Command, Reaper  
  20  1:41  Command Center  
  20  1:54  SCV, Supply Depot  
  20  2:00  Marine  
  22  2:06  SCV  
  23  2:11  Factory  
  23  2:18  SCV  
  23  2:19  Bunker  
  23  2:22  Marine  
  25  2:31  SCV  
  25  2:33  Refinery  
  26  2:39  Marine  
  26  2:43  SCV  
  28  2:55  SCV  
  28  2:56  Cyclone  
  28  2:57  Orbital Command  
  31  3:01  Marine  
  32  3:07  SCV  
  33  3:14  Starport  
  33  3:19  SCV  
  34  3:22  Marine  
  34  3:24  SCV  
  36  3:30  Cyclone  
  38  3:38  SCV  
  38  3:41  Marine  
  34  3:43  SCV  
  35  3:51  Fusion Core  
  35  3:52  SCV  
  35  3:55  SCV  
  37  3:56  Refinery  
  37  3:59  Starport  
  37  4:02  Refinery  
  37  4:05  Starport Tech Lab  
  37  4:07  SCV x2  
  39  4:16  Supply Depot  
  39  4:19  SCV  
  39  4:23  Supply Depot  
  40  4:25  SCV  
  40  4:31  SCV  
  42  4:37  Starport Tech Lab, SCV  
  43  4:43  SCV  
  44  4:47  Supply Depot  
  45  4:55  Battlecruiser  
  45  4:58  SCV x2  
  52  5:12  Battlecruiser  
  52  5:13  SCV x2  
  60  5:21  Supply Depot  
  59  5:25  SCV  
  59  5:28  SCV  
  61  5:31  Factory Tech Lab  
  61  5:37  Command Center  
  61  5:38  Weapon Refit, SCV  
  61  5:40  SCV  
  63  5:44  Supply Depot  
  63  5:45  Supply Depot  
  63  5:49  Siege Tank  
  66  5:50  SCV  
  66  5:52  SCV  
  68  5:59  Marine  
  68  6:02  SCV  
  71  6:04  SCV  
  71  6:11  Bunker  
  71  6:14  SCV  
  71  6:16  Battlecruiser, SCV  
  71  6:17  Marine  
  80  6:23  Engineering Bay  
  80  6:29  SCV  
  81  6:34  Marine  
  81  6:36  Battlecruiser  
  88  6:40  Cyclone  
  88  6:46  SCV x2  
  92  6:49  Missile Turret  
  92  6:50  Orbital Command, Missile Turret  
  92  6:52  Marine  
  92  6:53  Missile Turret  
  93  6:58  SCV  
  93  6:59  SCV  
  90  7:10  Marine  
  90  7:12  Siege Tank  
  87  7:24  SCV  
  87  7:28  Marine  
  69  7:40  SCV x2  
Show
View Real Time Build Order
Export as new Build Order

Erik Zerg 

Build Orders: Pool First 

Get SALT Encoding   

  12  0:00  Drone  
  13  0:08  Drone  
  13  0:14  Extractor, Drone  
  15  0:30  Spawning Pool  
  14  0:36  Extractor, Drone  
  14  0:40  Overlord  
  15  0:59  Drone x3  
  15  1:01  Extractor  
  17  1:17  Roach Warren  
  16  1:19  Drone  
  17  1:31  Hatchery  
  16  1:36  Drone  
  17  1:43  Overlord  
  19  1:57  Roach  
  19  1:58  Roach  
  21  2:04  Roach  
  23  2:09  Queen  
  27  2:15  Roach  
  27  2:25  Roach  
  29  2:36  Overlord  
  29  2:40  Ravager  
  29  2:43  Queen  
  32  2:44  Drone  
  32  2:49  Drone  
  34  2:58  Drone x2  
  36  3:06  Drone  
  36  3:09  Ravager  
  36  3:10  Drone  
  39  3:16  Drone  
  39  3:17  Drone  
  39  3:19  Drone x2  
  43  3:21  Drone  
  43  3:25  Extractor  
  43  3:27  Drone  
  40  3:43  Drone x2  
  37  3:49  Drone  
  37  3:50  Drone x4, Lair  
  37  3:52  Drone  
  37  3:54  Drone  
  37  3:55  Drone  
  42  3:59  Extractor  
  42  4:00  Extractor, Drone  
  41  4:06  Overlord  
  41  4:09  Drone  
  42  4:21  Overlord x3  
  42  4:22  Evolution Chamber  
  41  4:33  Roach  
  43  4:40  Roach x3  
  43  4:42  Drone x2  
  43  4:43  Drone  
  52  4:47  Drone  
  52  4:49  Spire  
  52  4:53  Glial Reconstitution  
  52  5:06  Overlord  
  52  5:13  Drone x7  
  59  5:19  Zerg Missile Weapons Level 1  
  59  5:24  Overlord  
  59  5:33  Drone  
  60  5:38  Overlord  
  60  5:45  Hatchery  
  60  5:49  Roach x4  
  67  5:51  Overlord  
  67  6:02  Mutalisk x4  
  67  6:03  Mutalisk  
  77  6:06  Mutalisk  
  79  6:20  Roach x5  
  79  6:21  Roach  
  91  6:26  Ravager  
  91  6:29  Roach  
  91  6:30  Roach x2  
  98  6:37  Overlord  
  98  6:40  Overlord  
  98  6:50  Corruptor  
  98  6:51  Corruptor  
  100  6:55  Spore Crawler  
  100  6:57  Spore Crawler  
  92  7:08  Corruptor  
  40  7:49  Extractor x2  
Tags
 
Add a new tag
Caveats
  • Supply blocks, unpowered buildings, or Contaminate may cause inaccurate times.
  • Supply counts are checked every 10 seconds.